 Dungeon Crawl Stone Soup version 0.18.1-50-g88ac8fd (webtiles) character file.

56 yungnami the Ducker (level 3, 0/27 HPs)
             Began as a Demonspawn Gladiator on Oct 3, 2016.
             Succumbed to an adder's poison
             ... on level 3 of the Dungeon.
             The game lasted 00:05:33 (899 turns).

yungnami the Ducker (Demonspawn Gladiator)           Turns: 899, Time: 00:05:34

Health: 0/27       AC:  4    Str: 16    XL:     3   Next: 69%
Magic:  3/3        EV: 13    Int:  9    God:
Gold:   108        SH:  0    Dex: 16    Spells: 0 memorised, 2 levels left

rFire  . . .     SeeInvis .     a - +0 long sword
rCold  . . .     Gourm    .     b - +0 leather armour
rNeg   + . .     Faith    .     (no shield)
rPois  .         Spirit   .     c - +0 helmet
rElec  .         Dismiss  .     (no cloak)
rCorr  .         Reflect  .     (no gloves)
SustAt .         Harm     .     (no boots)
MR     .....                    (no amulet)
Stlth  +.........               i - +3 ring of dexterity
                                m - ring of positive energy

@: lethally poisoned (0 -> -5), not resistant to hostile enchantments, very
unstealthy
A: rot immunity
a: no special abilities


You were on level 3 of the Dungeon.
You were full.

You visited 1 branch of the dungeon, and saw 3 of its levels.

You collected 108 gold pieces.

Inventory:

Hand Weapons
 a - a +0 long sword (weapon)
 p - a +0 mace
Missiles
 d - 3 throwing nets (quivered)
 g - 104 stones
Armour
 b - a +0 leather armour (worn)
 c - a +0 helmet (worn)
Jewellery
 i - a +3 ring of dexterity (right hand)
 k - an uncursed ring of resist corrosion
 m - a ring of positive energy (left hand)
 q - an uncursed ring of protection from fire {unknown}
Scrolls
 e - 2 scrolls of teleportation {unknown}
 j - a scroll of remove curse {unknown}
Potions
 l - a potion of curing {unknown}
 n - 2 potions of heal wounds {unknown}
 o - a potion of magic {unknown}
Comestibles
 f - a bread ration
 h - 6 chunks of flesh


   Skills:
 + Level 2.2 Fighting
 + Level 3.2 Long Blades
 + Level 2.0 Throwing
 + Level 0.5 Armour
 + Level 3.5 Dodging


You had 2 spell levels left.
You didn't know any spells.

Dungeon Overview and Level Annotations

Branches:
Dungeon (3/15)

Altars:


Innate Abilities, Weirdness & Mutations

You are immune to rotting.


Message History

Sorry, you're not good enough to have a special ability.
* * * LOW HITPOINT WARNING * * *
You feel sick. The jackal completely misses you. The jackal bites you.
* * * LOW HITPOINT WARNING * * *
* * * LOW HITPOINT WARNING * * *
You feel sick. The jackal closely misses you. x2
* * * LOW HITPOINT WARNING * * *
You feel sick. The adder barely misses you.
You closely miss the adder.
* * * LOW HITPOINT WARNING * * *
You feel sick. The adder barely misses you.
You hit the adder.
The adder is heavily wounded.
The adder closely misses you. The adder bites you.
* * * LOW HITPOINT WARNING * * *
You closely miss the adder.
The adder is heavily wounded.
You die...

.#...#..# #...# .####
.....#..# #...#####.....
........####.........)...
#....................###
#......................#
#...(##..................
...####.##.......##......
#.......##.#.............
##.#######.#...#@###...##
#.# #.#...#S# #### #.#
#.##.##h# ##.# #.....bh#
...# ##....g## ####
#.###.##.###. # #[).!....
#....$†.....#.
#........>....


You could see an adder, 2 jackals, a goblin and a bat.

Vanquished Creatures
  2 adders
  A worm (D:2)
  An orc (D:3)
  A giant cockroach (D:1)
  7 hobgoblins
  A jackal (D:3)
  5 kobolds
  5 bats
  3 goblins
  5 rats
  A fungus (D:1)
32 creatures vanquished.

Notes
Turn   | Place    | Note
--------------------------------------------------------------
     0 | D:1      | yungnami the Demonspawn Gladiator began the quest for the Orb.
     0 | D:1      | Reached XP level 1. HP: 16/16 MP: 1/1
   124 | D:1      | Gained mutation: You are immune to rotting. [demonic ancestry]
   124 | D:1      | Reached XP level 2. HP: 17/22 MP: 2/2
   491 | D:2      | Found a faded altar to an unknown god.
   619 | D:2      | Reached XP level 3. HP: 27/27 MP: 3/3
   898 | D:3      | HP: 1/27 [adder (3)]
   899 | D:3      | Succumbed to an adder's poison

Skill      XL: |  1  2  3 |
---------------+----------+-----
Long Blades    | 3 |  3.2
Dodging        | 3 |  3.5
Throwing       | 2 |  2.0
Fighting       | |  2.2
Armour         | |  0.5

Action                   || total
-------------------------++-------
Melee: Long sword        ||    93
Throw: Throwing net      ||     2
  Eat: Bread ration      ||     1
Armor: Leather armour    ||    29
Dodge: Dodged            ||    96
